 Dungeon Crawl Stone Soup version 0.31.0-9-g3a7656b989 (webtiles) character file.

Game seed: 6005800202894082289

157 qw the Skirmisher (level 5, -1/29 HPs)
             Began as a Deep Elf Hunter on Feb 2, 2024.
             Was an Initiate of Okawaru.
             Slain by Terence
             ... wielding a +7 short sword of venom
              (5 damage)
             ... on level 3 of the Dungeon.
             The game lasted 00:00:10 (2410 turns).

qw the Skirmisher (Deep Elf Hunter)                 Turns: 2410, Time: 00:00:11

Health: -1/29      AC:  4    Str: 10    XL:     5   Next: 15%
Magic:  7/7        EV: 12    Int: 14    God:    Okawaru [......]
Gold:   126        SH:  0    Dex: 18    Spells: 4/4 levels left

rFire   + . .        a - +0 shortbow
rCold   . . .        (shield currently unavailable)
rNeg    . . .        c - +0 leather armour
rPois   .            b - +0 helmet
rElec   .            (no cloak)
rCorr   .            (no gloves)
SInv    .            (no boots)
Will    .....        j - amulet of the acrobat
Stlth   ++           g - ring of protection from fire
HPRegen 0.24/turn    (no ring)
MPRegen 0.10/turn

%: acrobat
@: no status effects
A: no striking features
a: Renounce Religion


You were on level 3 of the Dungeon.
You worshipped Okawaru.
Okawaru was noncommittal.
You visited 2 branches of the dungeon, and saw 5 of its levels.

You collected 126 gold pieces.


   Skills:
 - Level 1.5 Fighting
 + Level 8.6 Ranged Weapons
 - Level 2.4 Dodging
 - Level 1.2 Stealth


You had 4 spell levels left.
You didn't know any spells.
Your spell library was empty.

Inventory:

Hand Weapons
 a - a +0 shortbow (weapon)
Armour
 b - a +0 helmet (worn)
 c - a +0 leather armour (worn)
Jewellery
 g - a ring of protection from fire (left hand)
 j - an amulet of the acrobat (around neck)
Scrolls
 e - 5 scrolls of identify
 h - a scroll of revelation {unknown}
Potions
 f - a potion of heal wounds {unknown}

Dungeon Overview and Level Annotations

Branches:
Dungeon (4/15)             Temple (1/1) D:4

Altars:
Cheibriados
Elyvilon
Hepliaklqana
Kikubaaqudgha
Makhleb
Okawaru
Qazlal
Sif Muna
Uskayaw
Vehumet
Wu Jian
Xom
Zin
The Shining One

Annotations:
D:3 Terence


Message History

You shoot an arrow. The arrow barely misses Terence.
Terence shoots a sling bullet.
The sling bullet hits you.
You shoot an arrow. The arrow barely misses Terence.
Terence shoots a sling bullet.
The sling bullet completely misses you.
You shoot an arrow. The arrow closely misses Terence.
Terence shoots a sling bullet.
The sling bullet hits you.
You shoot an arrow. The arrow barely misses Terence.
Terence shoots a sling bullet.
The sling bullet barely misses you.
You shoot an arrow.
The arrow hits Terence but does no damage.
Terence is almost dead.
Terence shoots a sling bullet.
The sling bullet hits you.
You shoot an arrow.
The arrow hits Terence but does no damage.
Terence is almost dead.
Terence shoots a sling bullet.
The sling bullet hits you.
Terence shoots a sling bullet.
The sling bullet hits you.
You shoot an arrow. The arrow completely misses Terence.
Terence shoots a sling bullet.
The sling bullet hits you!
You shoot an arrow. The arrow barely misses Terence.
Terence shoots a sling bullet.
The sling bullet hits you but does no damage.
You shoot an arrow.
The arrow hits Terence but does no damage.
Terence is almost dead.
Terence shoots a sling bullet.
The sling bullet closely misses you.
You shoot an arrow. The arrow barely misses Terence.
Terence shoots a sling bullet.
The sling bullet misses you.
You shoot an arrow. The arrow closely misses Terence.
Terence shoots a sling bullet.
The sling bullet hits you.
You shoot an arrow. The arrow completely misses Terence.
You shoot an arrow.
The arrow hits Terence but does no damage.
Terence is almost dead.
Terence unwields a +0 sling.
Terence wields a +7 short sword of venom.
It begins to drip with poison!
Terence hits you with a +7 short sword of venom.
You die...
Terence says, "That felt goooood."

.~~~~.~~~~.## ##...##....###
...........# #######..####.......
...###########.........# #.......
......>................# #..[....
...##########..........# ##'##...
..........#<#..........####.##..#
...######.#.#...............##...
...# #.#...##......########...
...# ###.######@..)..# ##.. ..##
#...# #@.....##### #..
#..####.##### ##......'..<# #..
##..........###.......##..#####..
####.....#.#.|.......###....###.
#.).....#.##......# ####.###.
#.......@.##......# #.#...
#.....#>.###......## #...#.
#.....####..:......# ##...#


You could see Terence.

Vanquished Creatures
  A hound (D:4)
  An orc priest (D:3)
  2 adders (D:2)
  A ribbon worm (D:3)
  3 dart slugs (D:1)
  3 orcs
  4 bats
  10 endoplasms
  3 giant cockroaches
  6 goblins
  5 hobgoblins
  5 quokkas
  3 ball pythons
  5 frilled lizards
  8 kobolds
  4 rats
64 creatures vanquished.

Notes
Turn   | Place    | Note
-------+----------+-------------------------------------------
     0 | D:1      | qw the Deep Elf Hunter began the quest for the Orb.
     0 | D:1      | Reached XP level 1. HP: 12/12 MP: 3/3
     0 | D:1      | 0 ||| qw: Version: 0.3-a-155-g5e7d8dd
     0 | D:1      | 0 ||| qw: Game counter: 268
     0 | D:1      | 0 ||| qw: Melee chars always use a shield: true
     0 | D:1      | 0 ||| qw: God list: Okawaru
     0 | D:1      | 0 ||| qw: Allow faded altars: false
     0 | D:1      | 0 ||| qw: Do Orc after clearing Dungeon:15 true
     0 | D:1      | 0 ||| qw: Do second Lair branch before Depths: true
     0 | D:1      | 0 ||| qw: Lair rune preference: random
     0 | D:1      | 0 ||| qw: Goals: Normal
     0 | D:1      | 0 ||| PLANNING D:1-11
   202 | D:1      | Reached XP level 2. HP: 16/16 MP: 4/4
   205 | D:1      | Reached skill level 6 in Ranged Weapons
   438 | D:1      | Reached XP level 3. HP: 20/20 MP: 5/5
   508 | D:1      | Found a faded altar of an unknown god.
   613 | D:1      | 613 ||| UPGRADING to amulet of the acrobat.
   618 | D:1      | 618 ||| READING scroll labelled WEXKOTAOGH.
   619 | D:1      | 619 ||| READING scroll labelled ZUBRIO HYOBUO.
   624 | D:1      | 624 ||| READING 2 scrolls labelled YHOUMOLIFI.
   624 | D:1      | 624 ||| IDENTIFYING scroll labelled SECUSM LEPSIK
   625 | D:1      | 625 ||| READING scroll of identify.
   625 | D:1      | 625 ||| IDENTIFYING scroll labelled NEUTHR VIOBESS
   626 | D:1      | 626 ||| READING scroll labelled KIHUDGH IKATET.
   627 | D:1      | 627 ||| DROPPING scroll of butterflies.
   628 | D:1      | 628 ||| DROPPING scroll of amnesia.
   629 | D:1      | 629 ||| DROPPING scroll of fog.
   976 | D:2      | Reached skill level 7 in Ranged Weapons
  1090 | D:2      | You fall into a shaft and drop 2 floors!
  1171 | D:4      | Reached XP level 4. HP: 12/25 MP: 6/6
  1226 | D:4      | Found a staircase to the Ecumenical Temple.
  1227 | D:4      | 1227 ||| PLANNING TEMPLE
  1227 | D:4      | 1227 ||| UPGRADING to ring of protection from fire.
  1228 | D:4      | 1228 ||| READING scroll of identify.
  1228 | D:4      | 1228 ||| IDENTIFYING scroll labelled AJOIVA DUSIES
  1229 | D:4      | 1229 ||| READING scroll labelled JEIREPS OMNAPT.
  1230 | D:4      | 1230 ||| READING scroll labelled CEUSUD USCHO.
  1331 | D:4      | 1331 ||| DROPPING scroll of fear.
  1340 | Temple   | Entered the Ecumenical Temple
  1341 | Temple   | 1341 ||| PLANNING OKAWARU WORSHIP
  1352 | Temple   | Became a worshipper of Warmaster Okawaru
  1353 | Temple   | 1353 ||| PLANNING D:1-11
  1382 | D:4      | 1382 ||| UPGRADING to +0 helmet.
  1497 | D:3      | Reached skill level 8 in Ranged Weapons
  1521 | D:3      | Found a snail-covered altar of Cheibriados.
  1866 | D:2      | Found a radiant altar of Vehumet.
  2169 | D:3      | HP: 5/25 [orc priest/divine providence (13)]
  2170 | D:3      | 2170 ||| READING scroll of teleportation.
  2170 | D:3      | Noticed Terence
  2172 | D:3      | Reached XP level 5. HP: 7/29 MP: 7/7
  2172 | D:3      | 2172 ||| FLEEEEING.
  2173 | D:3      | 2173 ||| FLEEEEING.
  2174 | D:3      | 2174 ||| FLEEEEING.
  2292 | D:3      | Found an ancient bone altar of Kikubaaqudgha.
  2388 | D:3      | 2388 ||| FLEEEEING.
  2404 | D:3      | HP: 5/29 [Terence/sling bullet (7)]
  2410 | D:3      | Slain by Terence

Levels and vault maps discovered:
D:1:      minmay_arrival_five_plusses, layout_loops_ring,
          dilly_ecumenical_altar_fadedgnrine
D:2:      layout_loops_corners, basic_altar
D:3:      layout_basic, nicolae_kikubaaqudgha_miasma_corner,
          mainiacjoe_overflow_concentric_impassable, minivault_26, uniq_terence
D:4:      layout_loops_ring, minmay_temple_entry_large_hall, nicolae_titane
Temple:   hc_temple_tempest_star

Skill      XL: |  1  2  3  4 |
---------------+-------------+-----
Ranged Weapons | 6 7 8 |  8.6
Fighting       | |  1.5
Dodging        | |  2.4
Stealth        | |  1.2

Action                     |  1- 3 |  4- 6 || total
---------------------------+-------+-------++-------
   Fire: Shortbow          |   141 |    75 ||   216
    Use: Scroll            |     5 |     4 ||     9
 Armour: Leather armour    |    28 |    18 ||    46
  Dodge: Dodged            |    27 |    15 ||    42

Table legend:
 A = Non-vault XP
 B = Vault XP
 C = Vault XP percentage of total XP
 D = Non-vault monster count
 E = Vault monster count
 F = Vault count percentage of total count
                 A         B        C        D         E       F
            +---------+---------+-------+---------+---------+-------
      Total |     225 |       0 |   0.0 |      64 |       0 |   0.0
            +---------+---------+-------+---------+---------+-------
        D:1 |      47 |       0 |   0.0 |      25 |       0 |   0.0
        D:2 |      56 |       0 |   0.0 |      20 |       0 |   0.0
        D:3 |      66 |       0 |   0.0 |      12 |       0 |   0.0
        D:4 |      56 |       0 |   0.0 |       7 |       0 |   0.0
            +---------+---------+-------+---------+---------+-------
